 Dungeon Crawl Stone Soup version 0.13-a0-2305-ge00d11d (webtiles) character file.

275 Kae the Chopper (level 5, 0/44 HPs)
             Began as a Hill Orc Abyssal Knight on July 9, 2013.
             Was a Believer of Lugonu.
             Slain by a phantom (7 damage)
             ... on Level 2 of the Dungeon.
             The game lasted 00:01:52 (2581 turns).

Kae the Chopper (Hill Orc Abyssal Knight)           Turns: 2581, Time: 00:01:53

HP   0/44        AC  3     Str 16      XL: 5   Next:  0%
MP   8/8         EV 10     Int 12      God: Lugonu [**....]
Gold 160         SH  0     Dex 10      Spells:  0 memorised,  4 levels left

Res.Fire  : . . .   See Invis. : .   a - +2 orc hand axe {=f}
Res.Cold  : . . .   Warding    : .   b - +0 orc leather armour
Life Prot.: . . .   Conserve   : .   (no shield)
Res.Poison: .       Res.Corr.  : .   (no helmet)
Res.Elec. : .       Clarity    : .   (no cloak)
Sust.Abil.: . .     Spirit.Shd : .   (no gloves)
Res.Mut.  : .       Stasis     : .   (no boots)
Res.Rott. : .       Flight     : .   (no amulet)
Saprovore : + . .                    (no ring)
                                     (no ring)

@: slightly resistant to hostile enchantments, very unstealthy
A: saprovore 1
a: Depart the Abyss, Bend Space, Renounce Religion


You were on level 2 of the Dungeon.
You worshipped Lugonu.
Lugonu was most pleased with you.
You were hungry.

You visited 1 branch of the dungeon, and saw 3 of its levels.
You visited the Abyss 1 time.

You collected 140 gold pieces.

Inventory:

Hand weapons
 a - a +2,+2 orcish hand axe (weapon) {=f}
Armour
 b - a +0 orcish leather armour (worn)
Comestibles
 c - 2 meat rations
 i - a bread ration
Scrolls
 d - a scroll of recharging {unknown}
 e - a scroll of random uselessness {unknown}
 h - a scroll of fear {unknown}
 l - a scroll of identify {unknown}
 n - a scroll of enchant armour {unknown}
 o - a scroll of magic mapping {unknown}
 q - a scroll of enchant weapon I {unknown}
Potions
 f - a potion of magic {unknown}
 g - a potion of might {unknown}
 k - 2 potions of curing {unknown}
 m - 2 potions of speed
 p - a potion of decay {unknown}
Books
 j - a book of Geomancy

   Spells                             Type                      Level
   Sandblast                          Earth                        1
   Stoneskin                          Transmutation/Earth          2
   Passwall                           Transmutation/Earth          3
   Stone Arrow                        Conjuration/Earth            3
   Petrify                            Transmutation/Earth          4
   Lee's Rapid Deconstruction         Earth                        5


   Skills:
 - Level 3.6 Fighting
 * Level 5.9 Axes
 - Level 2.1 Armour
 - Level 0.7 Dodging
 + Level 3.7 Invocations


You had 4 spell levels left.
You didn't know any spells.

Dungeon Overview and Level Annotations

Branches:
Dungeon (3/27)

Altars:


Innate Abilities, Weirdness & Mutations

You can tolerate rotten meat.


Message History

You are too injured to fight recklessly!
You are too injured to fight recklessly!
Use which ability? (? or * to list) Space bends around you!
You blink.
You feel slightly more hungry. 2 orcs come into view.
The orc shouts!
There is a stone staircase leading up here.
The phantom hits you!
* * * LOW HITPOINT WARNING * * *
You climb upwards.
The goblin shouts!
There is a stone staircase leading down here.
You can't go up here!
Unknown command.
You closely miss the phantom.
The phantom is moderately damaged.
The goblin throws a dart.
The dart hits you!
* * * LOW HITPOINT WARNING * * *
The phantom hits you!
You die...

#...# ######.#### ###.......
#'### ###.........# ##.'.......
....# ###....(......###.^#.......
....###...#.........#...##.......
....'...###...........####...(...
....##### #.........### #.......
##'## #.........# #....... #.#
#..g...p..# #....... #.##
#.....@...# #....... #..#
###.####### ######'# ##.# #.##
###...# #.# #..# #...### ###'##
######'##### #.###
.....####..........# ##.#
..%..'.##........).# ###..#####
.....#.##..........# #.........
.....#.##..........# #.#.######


You could see a phantom and a goblin.

Vanquished Creatures
  An orc wizard (D:3)
  Jessica (D:2)
  2 adders
  A giant mite (D:2)
  A giant gecko (D:2)
  3 orcs (D:3)
  5 giant cockroaches
  4 goblins
  6 hobgoblins
  2 quokkas (D:2)
  5 bats
  A giant newt (D:1)
  4 kobolds
  8 rats
44 creatures vanquished.

Notes
Turn   | Place    | Note
--------------------------------------------------------------
     0 | Abyss:1  | Kae, the Hill Orc Abyssal Knight, began the quest for the Orb.
     0 | Abyss:1  | Reached XP level 1. HP: 17/17 MP: 1/1
     1 | Abyss:1  | Found a corrupted altar of Lugonu.
    14 | Abyss:1  | Noticed an ancient zyme
    17 | D:1      | Escaped the Abyss
   332 | D:1      | Reached XP level 2. HP: 11/24 MP: 2/2
   334 | D:1      | Acquired Lugonu's first power
   625 | D:1      | Reached skill level 4 in Axes
   934 | D:2      | Noticed Jessica
   940 | D:2      | Killed Jessica
   940 | D:2      | Reached XP level 3. HP: 26/30 MP: 2/4
  1548 | D:2      | Reached skill level 5 in Axes
  1548 | D:2      | Reached XP level 4. HP: 27/37 MP: 6/6
  2020 | D:2      | Acquired Lugonu's second power
  2517 | D:3      | Reached XP level 5. HP: 32/44 MP: 8/8
  2560 | D:3      | Noticed a phantom
  2581 | D:2      | Slain by a phantom

Action                   |  1- 3 |  4- 6 || total
-------------------------+-------+-------++-------
Melee: Hand axe          |    85 |    63 ||   148
Invok: Depart the Abyss  |     1 |       ||     1
       Bend Space        |       |     1 ||     1
